 Dungeon Crawl Stone Soup version 0.26-a0-466-g989023bd0d (webtiles) character file.

Game seed: 8777634765597810971

9906 MalarOregon the Fighter (level 11, -5/97 HPs)
             Began as a Red Draconian Fighter on July 31, 2020.
             Was an Initiate of Hepliaklqana.
             Slain by a blink frog (14 damage)
             ... on level 1 of the Lair of Beasts.
             The game lasted 00:15:22 (14900 turns).

MalarOregon the Fighter (Red Draconian Fighter)    Turns: 14900, Time: 00:15:23

Health: -5/97      AC: 10    Str: 18    XL:     11   Next: 29%
Magic:  11/11      EV: 14    Int: 11    God:    Hepliaklqana [......]
Gold:   225        SH: 10    Dex: 12    Spells: 10/10 levels left

rFire    + . .     SeeInvis .   e - +1 dagger (venom)
rCold    . . .     Faith    .   b - +0 kite shield
rNeg     . . .     Spirit   .   (armour unavailable)
rPois    .         Reflect  .   (helmet restricted)
rElec    .         Harm     .   c - +1 cloak
rCorr    .                      h - +0 pair of gloves
MR       .....                  (no boots)
Stlth    +.........             q - amulet of the acrobat
HPRegen  0.26/turn              (no ring)
MPRegen  0.12/turn              (no ring)

@: no status effects
A: breathe fire, unfitting armour, reduced essence, fire resistance 1,
cold-blooded, AC +7
a: Breathe Fire, Recall Ancestor, Ancestor Identity, Renounce Religion


You were on level 1 of the Lair of Beasts.
You worshipped Hepliaklqana.
Hepliaklqana was noncommittal.
You visited 3 branches of the dungeon, and saw 12 of its levels.

You collected 531 gold pieces.
You spent 306 gold pieces at shops.

Inventory:

Hand Weapons
 e - a +1 dagger of venom (weapon)
   (You took it off an orc on level 4 of the Dungeon)
 u - a +2 short sword of holy wrath
   (You took it off a kobold on level 6 of the Dungeon)
 w - a +2 long sword
   (You took it off a wight on level 6 of the Dungeon)
 J - a +1 dagger of draining
   (You took it off an orc wizard on level 10 of the Dungeon)
Missiles
 k - 67 poisoned darts (quivered)
Armour
 b - a +0 kite shield (worn)
 c - a +1 cloak (worn)
   (You found it on level 4 of the Dungeon)
 h - a +0 pair of gloves (worn)
   (You found it on level 1 of the Dungeon)
 K - a cursed +0 pair of boots
   (You found it on level 10 of the Dungeon)
Jewellery
 q - an amulet of the acrobat (around neck)
   (You found it on level 2 of the Dungeon)
 x - an uncursed ring of protection from cold {unknown}
   (You found it on level 6 of the Dungeon)
 y - a +6 ring of strength {unknown}
   (You found it on level 7 of the Dungeon)
 A - an uncursed amulet of reflection {unknown}
   (You found it on level 7 of the Dungeon)
 G - an uncursed amulet of guardian spirit {unknown}
   (You found it on level 9 of the Dungeon)
Wands
 t - a wand of flame (24)
   (You took it off Ijyb on level 3 of the Dungeon)
Scrolls
 a - 2 scrolls of enchant weapon {unknown}
 d - 2 scrolls of magic mapping {unknown}
 f - 8 scrolls of remove curse {@r2}
 i - 2 scrolls of teleportation {@r4}
 l - 3 scrolls of amnesia {unknown}
 m - 3 scrolls of immolation {unknown}
 p - 5 scrolls of enchant armour
 s - 5 scrolls of fog {unknown}
 z - 3 scrolls of random uselessness {unknown}
 E - 3 scrolls of identify {@r1}
Potions
 g - 3 potions of curing {@q1}
 j - 3 potions of heal wounds {unknown}
 n - a potion of brilliance {unknown}
 o - a potion of cancellation {unknown}
 r - a potion of flight {unknown}
 v - 2 potions of invisibility {unknown}
 B - 4 potions of stabbing {unknown}
 D - 3 potions of lignification {unknown}
 F - 2 potions of ambrosia {unknown}
 H - a potion of degeneration {unknown}
 I - a potion of might
Miscellaneous
 C - a box of beasts


   Skills:
 - Level 13.8 Fighting
 + Level 5.6(7.3) Short Blades
 + Level 7.1(8.0) Long Blades
 + Level 6.9 Dodging
 + Level 7.5 Shields
 - Level 4.0 Evocations


You had 10 spell levels left.
You didn't know any spells.
Your spell library contained the following spells:

 Spells                   Type           Power        Failure   Level
 Magic Dart               Conj           #...         67%         1
 Searing Ray              Conj           #.....       80%         2
 Dazzling Flash           Conj/Hex       #.....       95%         3
 Fulminant Prism          Conj/Hex       #.........   100%        4
 Iskenderun's Mystic Bla  Conj/Tloc      #.......     100%        4


Dungeon Overview and Level Annotations

Branches:
Dungeon (10/15)            Temple (1/1) D:5            Lair (1/6) D:8
    Orc: D:9-12

Altars:
Ashenzari
Cheibriados
Dithmenos
Elyvilon
Fedhas
Gozag
Hepliaklqana
Kikubaaqudgha
Makhleb
Nemelex Xobeh
Okawaru
Qazlal
Ru
Sif Muna
Trog
Uskayaw
Vehumet
Wu Jian
Xom
Yredelemnul
Zin
The Shining One

Shops:
D:8 }

Annotations:
D:7 2 transporters, Totomo's ghost, novice DsMo


Innate Abilities, Weirdness & Mutations

You can breathe blasts of fire.
Your fiery red scales are hard. (AC +7)
You cannot fit into any form of body armour.
Your flesh is heat resistant. (rF+)
You are cold-blooded and may be slowed by cold attacks.
Your life essence is reduced to manifest your ancestor. (-10% HP)


Message History

Your shield prevents you from hitting the blink frog.
Your tail-slap misses the blink frog.
You kill the blink frog!
The blink frog closely misses you.
The blink frog blinks!
Mira barely misses the blink frog.
The blink frog closely misses you.
You hit the blink frog.
The blink frog looks as sick as possible!
The blink frog hits you!
The blink frog blinks!
The blink frog hits you!
* * * LOW HITPOINT WARNING * * *
Mira hits the blink frog!
Unknown command.
You kill the blink frog!
Mira misses the blink frog.
The blink frog barely misses you. You block the blink frog's attack.
Mira hits the blink frog!
You hit the blink frog.
The blink frog is poisoned.
Your tail-slap misses the blink frog.
You block the blink frog's attack.
The blink frog blinks!
You puncture the blink frog! The blink frog closely misses you.
Unknown command.
The blink frog closely misses you. You block the blink frog's attack.
The blink frog blinks!
You barely miss the blink frog.
Mira closely misses the blink frog.
The blink frog blinks!
You block the blink frog's attack.
You closely miss the blink frog.
The blink frog blinks!
You closely miss the blink frog.
Your tail-slap misses the blink frog.
The blink frog hits Mira!
The blink frog hits you.
* * * LOW HITPOINT WARNING * * *
You block the blink frog's attack.
The blink frog blinks!
You miss the blink frog. The blink frog hits you.
* * * LOW HITPOINT WARNING * * *
The blink frog blinks!
The blink frog hits you!
* * * LOW HITPOINT WARNING * * *
You miss the blink frog.
Your tail-slap misses the blink frog.
The blink frog blinks!
The blink frog misses you.
Mira misses the blink frog.
You hit the blink frog.
The blink frog is poisoned.
You block the blink frog's attack. You block the blink frog's attack.
The blink frog closely misses you. The blink frog completely misses you.
The blink frog misses you.
You closely miss the blink frog. The blink frog hits you!
* * * LOW HITPOINT WARNING * * *
The blink frog blinks!
The blink frog closely misses you. The blink frog completely misses you.
The blink frog blinks! x2; The blink frog closely misses you.
The blink frog looks more healthy.
You block the blink frog's attack. The blink frog closely misses you.
The blink frog hits you!!
* * * LOW HITPOINT WARNING * * *
The blink frog blinks!
The blink frog completely misses you.
You feel better. The blink frog hits you!
You die...

.. ... ... ### ##### ### ### #
...###P#######P#.######P####.###P
................................/
...............F.................
................@F.R..........†..
.................§...F...........
.................................
.................................
#......#######.#####.#######P####
#......# ### ### ### .......#
.......# #......#


You could see the friendly Mira the ancestor and 3 blink frogs.

Vanquished Creatures
  3 two-headed ogres
  Joseph (D:7)
  A centaur skeleton (D:10)
  A troll (D:3)
  4 blink frogs (Lair:1)
  2 hippogriffs
  Grum (D:9)
  4 ice beasts
  4 orc warriors
  A sky beast (D:8)
  A black bear (D:9)
  4 phantoms
  A necrophage (D:8)
  4 ogres
  2 wolves (D:8)
  5 centaurs
  2 big kobolds
  5 bullfrogs
  A water moccasin skeleton (D:6)
  2 scorpions
  9 killer bees (D:9)
  14 wights
  2 howler monkeys
  A quasit (D:10)
  2 centaur zombies
  4 bullfrog zombies
  2 jellies
  7 orc priests
  2 bullfrog skeletons
  4 hounds
  10 orc wizards
  Jessica (D:2)
  3 iguanas
  Ijyb (D:3)
  10 worker ants
  A hound skeleton (D:10)
  3 gnolls (D:2)
  16 adders
  2 white imps
  An ufetubus (D:7)
  2 oozes
  3 adder skeletons
  3 worms
  2 dart slugs
  5 leopard geckos
  27 orcs
  7 giant cockroaches
  7 goblins
  13 hobgoblins
  12 jackals
  12 kobolds
  4 quokkas
  2 ball pythons (D:4)
  6 bats
  A frilled lizard (D:1)
  A jackal zombie (D:5)
  A leopard gecko skeleton (D:7)
  2 quokka skeletons
  12 rats
266 creatures vanquished.

Vanquished Creatures (collateral kills)
  A blink frog (Lair:1)
1 creature vanquished.

Vanquished Creatures (others)
  An orc wizard (D:3)
1 creature vanquished.

Grand Total: 268 creatures vanquished

Notes
Turn   | Place    | Note
-------+----------+-------------------------------------------
     0 | D:1      | MalarOregon the Draconian Fighter began the quest for the
                  | Orb.
     0 | D:1      | Reached XP level 1. HP: 19/19 MP: 1/1
   173 | D:1      | Reached XP level 2. HP: 21/26 MP: 2/2
   627 | D:1      | Reached XP level 3. HP: 16/33 MP: 3/3
  1031 | D:2      | You fall into a shaft and drop 1 floor!
  1051 | D:3      | Noticed Ijyb
  1062 | D:3      | Killed Ijyb
  1062 | D:3      | Reached XP level 4. HP: 35/40 MP: 4/4
  1150 | D:3      | Reached skill level 4 in Fighting
  1470 | D:3      | Found a stormy altar of Qazlal.
  1712 | D:3      | Reached XP level 5. HP: 37/46 MP: 5/5
  2433 | D:2      | Noticed Jessica
  2445 | D:2      | Killed Jessica
  2886 | D:2      | Found a radiant altar of Vehumet.
  3499 | D:2      | Found a bloodstained altar of Trog.
  3499 | D:2      | Found a shimmering blue altar of Sif Muna.
  3623 | D:4      | Noticed a troll
  3630 | D:4      | Reached XP level 6. HP: 32/53 MP: 6/6
  3995 | D:3      | Reached skill level 13 in Fighting
  3995 | D:3      | Your scales start taking on a fiery red colour.
  3995 | D:3      | Reached XP level 7. HP: 80/80 MP: 7/7
  3995 | D:3      | Gained mutation: Your flesh is heat resistant. (rF+) [Red
                  | Draconian growth]
  3998 | D:3      | Killed a troll
  5043 | D:4      | Reached XP level 8. HP: 85/88 MP: 8/8
  5579 | D:5      | Entered Level 5 of the Dungeon
  5773 | D:5      | Reached skill level 1 in Short Blades
  5899 | D:5      | Found a sparkling altar of Nemelex Xobeh.
  6097 | D:5      | Found a staircase to the Ecumenical Temple.
  6113 | Temple   | Entered the Ecumenical Temple
  6471 | D:6      | Reached skill level 5 in Shields
  7650 | D:6      | Reached XP level 9. HP: 39/94 MP: 9/9
  8350 | D:7      | Found a transporter.
  8355 | D:7      | Noticed a two-headed ogre
  8355 | D:7      | Noticed Totomo's ghost (novice DsMo)
  8367 | D:7      | Found a transporter.
  8403 | D:7      | Reached skill level 5 in Long Blades
  8403 | D:7      | Reached skill level 5 in Dodging
  8496 | D:7      | Found an iron altar of Okawaru.
  8496 | D:7      | Noticed Joseph
  8528 | D:7      | Killed Joseph
  9073 | D:7      | Found a glowing silver altar of Zin.
  9131 | D:7      | Found a hide-covered altar of Uskayaw.
  9524 | D:8      | Found Gupp's Gadget Shoppe.
  9569 | D:8      | Bought a wand of flame (9) for 66 gold pieces
  9569 | D:8      | Bought a box of beasts for 240 gold pieces
  9633 | D:8      | Found a staircase to the Lair.
  9856 | D:8      | Reached skill level 1 in Evocations
  9856 | D:8      | Reached XP level 10. HP: 70/102 MP: 10/10
 10026 | D:8      | Found a shadowy altar of Dithmenos.
 10094 | D:8      | Noticed a two-headed ogre
 10105 | D:8      | Killed a two-headed ogre
 10550 | D:9      | Found a hazy altar of Hepliaklqana.
 10550 | D:9      | Noticed Grum
 10993 | D:9      | Killed Grum
 11122 | D:9      | HP: 4/102 [something (6)]
 11629 | D:9      | Noticed a two-headed ogre
 11649 | D:9      | Killed a two-headed ogre
 12162 | D:9      | Noticed a two-headed ogre
 12178 | D:9      | Killed a two-headed ogre
 12439 | D:9      | Reached skill level 5 in Short Blades
 12781 | D:10     | Entered Level 10 of the Dungeon
 12843 | D:10     | Reached XP level 11. HP: 107/108 MP: 11/11
 14588 | D:9      | Became a worshipper of Hepliaklqana the Forgotten
 14656 | Lair:1   | Entered Level 1 of the Lair of Beasts
 14898 | Lair:1   | HP: 2/97 [blink frog (19)]
 14900 | Lair:1   | Slain by a blink frog

Illustrated notes

Levels and vault maps discovered:
D:1:      ebering_trefoil_3fold, layout_loops_ring, minmay_tetromino_o4
D:2:      layout_loops_cross, old_standard_altar,
          gammafunk_temple_overflow_elements, grunt_decor_mini_mirrors,
          uniq_jessica
D:3:      layout_basic, nicolae_qazlal_general_emergency, minivault_23,
          uniq_ijyb
D:4:      layout_loops_corners, portal_sewer_entry_a
D:5:      layout_rooms, kennysheep_mini, minmay_temple_entry_statues_fountains
D:6:      layout_basic
D:7:      layout_loops_ring, lemuel_round_altar, okawaru_trees_1, zin_treasury,
          gammafunk_ghost_smash, uniq_joseph
D:8:      layout_rooms, lair_entry_dummy, serial_shops, shop_fountains,
          grunt_dithmenos_shadows
D:9:      layout_gridville, nicolae_overflow_hidden_temple,
          hangedman_abyss_or_decor_slice, minmay_misc_feat_secret_circle,
          uniq_grum
D:10:     layout_stronghold
Temple:   nicolae_temple_figure_eight
Lair:1:   layout_big_grid, minmay_shattered_shrine, uniq_gastronok

Skill      XL: |  1  2  3  4  5  6  7  8  9 10 11 |
---------------+----------------------------------+-----
Dodging        | 3 4 5 6 |  6.9
Fighting       | 4 13 | 13.8
Long Blades    | 3 4 5 6 7 |  7.1
Shields        | 4 5 6 7 |  7.5
Short Blades   | 2 3 5 |  5.6
Evocations     | 1 3 4 |  4.0

Action                   |  1- 3 |  4- 6 |  7- 9 | 10-12 || total
-------------------------+-------+-------+-------+-------++-------
Melee: Long sword        |   100 |   187 |   333 |   218 ||   838
       Tailslap          |    10 |    25 |    82 |    57 ||   174
       Dagger            |       |       |   129 |   165 ||   294
       Short sword       |       |       |    25 |    22 ||    47
Throw: Dart              |       |       |       |     1 ||     1
 Abil: Breathe Fire      |       |       |     4 |     5 ||     9
  Use: Potion            |       |     3 |       |     5 ||     8
       Scroll            |       |     6 |       |       ||     6
 Stab: Sleeping          |     1 |     1 |       |       ||     2
Armor: Skin              |    29 |    53 |   123 |    85 ||   290
Dodge: Dodged            |    52 |    94 |   217 |   233 ||   596
Block: Kite shield       |    54 |   108 |   244 |   227 ||   633
       Rpst.: Long sword |    19 |    25 |    49 |    30 ||   123

Table legend: (Time is in decaauts)
 A = Elapsed time spent in this place.
 B = Non-inter-level travel time spent in this place.
 C = Inter-level travel time spent in this place.
 D = Time resting spent in this place.
 E = Time spent auto-exploring this place.
 F = Levels seen in this place.
 G = Mean time per level.
                   A        B        C        D        E       F      G
               +--------+--------+--------+--------+--------+-----+--------+
         Total |  15031 |  14314 |    717 |   3675 |   8144 |  12 | 1252.6 |
       Dungeon |  14586 |  13893 |    693 |   3541 |   7922 |  10 | 1458.6 |
        Temple |    213 |    189 |     24 |      0 |    188 |   1 |  213.0 |
          Lair |    231 |    231 |      0 |    134 |     34 |   1 |  231.0 |
               +--------+--------+--------+--------+--------+-----+--------+

Top non-repeatable levels by time:
     D:8: 1811 daAuts
    D:10: 1810 daAuts
     D:6: 1752 daAuts
     D:4: 1701 daAuts
     D:3: 1530 daAuts
     D:9: 1510 daAuts
     D:2: 1501 daAuts
     D:7: 1369 daAuts
     D:1: 956 daAuts
     D:5: 643 daAuts
  Lair:1: 231 daAuts
  Temple: 213 daAuts
